 Dungeon Crawl Stone Soup version 0.22.1-6-g1668fe2c40 (webtiles) character file.

224 Kohma the Ruffian (level 5, -3/53 HPs)
             Began as a Troll Monk on Jan 22, 2019.
             Killed from afar by an orc wizard (7 damage)
             ... with a puff of flame
             ... on level 4 of the Dungeon.
             The game lasted 00:06:31 (2561 turns).

Kohma the Ruffian (Troll Monk)                      Turns: 2561, Time: 00:06:32

Health: -3/53      AC:  5    Str: 19    XL:     5   Next: 67%
Magic:  4/4        EV: 11    Int:  6    God:
Gold:   204        SH:  0    Dex: 13    Spells: 4/4 levels left

rFire    . . .     SeeInvis .     - Unarmed
rCold    . . .     Gourm    +   (no shield)
rNeg     . . .     Faith    .   a - +0 robe
rPois    .         Spirit   .   (helmet restricted)
rElec    .         Reflect  .   (no cloak)
rCorr    .         Harm     .   (gloves unavailable)
MR       .....                  (boots unavailable)
Stlth    ++........             (no amulet)
HPRegen  0.57/turn              (no ring)
MPRegen  0.09/turn              (no ring)

@: no status effects
A: large, unfitting armour, claws 3, fast metabolism 3, gourmand, regeneration
1, shaggy fur 1, tough skin 2
a: no special abilities


You were on level 4 of the Dungeon.
You were completely stuffed.

You visited 1 branch of the dungeon, and saw 4 of its levels.

You collected 204 gold pieces.

Inventory:

Missiles
 h - 162 stones (quivered)
Armour
 a - a +0 robe (worn)
Scrolls
 d - a scroll of random uselessness {unknown}
 e - 3 scrolls of blinking {unknown}
 i - 5 scrolls of identify {unknown}
 j - 3 scrolls of teleportation {unknown}
 n - a scroll of remove curse {unknown}
Potions
 c - a potion of heal wounds {unknown}
 f - a potion of agility {unknown}
 g - a potion of haste {unknown}
 k - a potion of flight {unknown}
 l - a potion of curing {unknown}
Comestibles
 b - 6 rations
 m - 4 chunks of flesh


   Skills:
 + Level 3.1 Fighting
 - Level 3.0 Dodging
 - Level 1.4 Stealth
 + Level 5.3 Unarmed Combat


You had 4 spell levels left.
You didn't know any spells.
Your spell library was empty.

Dungeon Overview and Level Annotations

Branches:
Dungeon (4/15)
 Temple: D:4-7

Altars:
Okawaru
Xom


Innate Abilities, Weirdness & Mutations

You are too large for most types of armour.
You have claws for hands.
Your metabolism is lightning-fast.
You like to eat raw meat.
Your natural rate of healing is unusually fast.
You are covered in fur. (AC +1)
You have very tough skin. (AC +2)


Message History

You hear some strange, mumbled words.
A puff of flame appears from out of thin air!
The puff of flame hits you!
* * * LOW HITPOINT WARNING * * *
You claw something! Something hits you but does no damage.
You miss something.
You hear some strange, mumbled words.
A magic dart appears from out of thin air!
The magic dart hits you!
* * * LOW HITPOINT WARNING * * *
A magic dart appears from out of thin air!
The magic dart hits you!
* * * LOW HITPOINT WARNING * * *
There is an open door here.
The orc wizard casts a spell.
The orc wizard blinks!
There is a stone staircase leading down here.
A puff of flame appears from out of thin air!
The puff of flame hits you!
You die...

.......### #.# ....
...#.... #.# .....
#.....# #.##.....
#.....# #......#
#.....#####o.....##
#.....'.o)o........
#.....#####ยง.......
#....>..o..........
#.###@######.....##
#.###.#### .....#
#.#......# ######
####........#
#.............#
#.............#
#.............#
#.............#
#........<....#


You could see an orc.

Vanquished Creatures
  An orc wizard (D:4)
  Natasha (twice) (D:2)
  A hound skeleton (D:4)
  6 adders
  An ooze (D:2)
  A worm (D:2)
  A dart slug (D:1)
  3 leopard geckos (D:1)
  2 orcs
  A ball python (D:4)
  8 bats
  3 giant cockroaches
  8 goblins
  8 hobgoblins
  3 jackals (D:2)
  A quokka (D:3)
  5 frilled lizards
  5 kobolds
  13 rats
73 creatures vanquished.

Notes
Turn   | Place    | Note
-------+----------+-------------------------------------------
     0 | D:1      | Kohma the Troll Monk began the quest for the Orb.
     0 | D:1      | Reached XP level 1. HP: 22/22 MP: 0/0
     2 | D:1      | Noticed a gargoyle
     2 | D:1      | Noticed a human
     4 | D:1      | Noticed a halfling
     6 | D:1      | Noticed a merfolk
     6 | D:1      | Noticed a vine stalker
     8 | D:1      | Noticed a demigod
     8 | D:1      | Noticed a dwarf
    10 | D:1      | Noticed a minotaur
    10 | D:1      | Noticed a troll
    12 | D:1      | Noticed a spriggan
    12 | D:1      | Noticed a centaur
    14 | D:1      | Noticed a demonspawn
    16 | D:1      | Noticed a formicid
    18 | D:1      | Noticed a felid
    18 | D:1      | Noticed a vampire
    20 | D:1      | Noticed a ghoul
    22 | D:1      | Noticed a tengu
    22 | D:1      | Noticed an ogre
    24 | D:1      | Noticed an elf
    24 | D:1      | Noticed an octopode
    26 | D:1      | Noticed a naga
    26 | D:1      | Noticed a draconian
    92 | D:1      | Reached XP level 2. HP: 28/29 MP: 1/1
   495 | D:1      | Reached XP level 3. HP: 36/36 MP: 2/2
   936 | D:2      | Noticed Natasha
   945 | D:2      | Killed Natasha
   945 | D:2      | Reached XP level 4. HP: 42/44 MP: 3/3
   962 | D:2      | Reached skill level 4 in Unarmed Combat
  1107 | D:2      | Noticed Natasha
  1118 | D:2      | Killed Natasha
  1598 | D:3      | Reached XP level 5. HP: 53/53 MP: 4/4
  1669 | D:3      | Found an iron altar of Okawaru.
  1765 | D:3      | Found a shimmering altar of Xom.
  1768 | D:3      | Found an ancient bone altar of Kikubaaqudgha.
  1768 | D:3      | Found an ornate altar of the Wu Jian Council.
  1771 | D:3      | Found a bloodstained altar of Trog.
  1771 | D:3      | Found a burning altar of Makhleb.
  1771 | D:3      | Found a shimmering altar of Xom.
  2505 | D:4      | Reached skill level 5 in Unarmed Combat
  2557 | D:4      | HP: 2/53 [something/magic dart (10)]
  2561 | D:4      | Killed from afar by an orc wizard

Skill      XL: |  1  2  3  4  5 |
---------------+----------------+-----
Unarmed Combat | 4 5 |  5.3
Fighting       | 3 |  3.1
Dodging        | 3 |  3.0
Stealth        | |  1.4

Action                   |  1- 3 |  4- 6 || total
-------------------------+-------+-------++-------
Melee: Unarmed           |   105 |   100 ||   205
       Punch             |     1 |     3 ||     4
 Stab: Sleeping          |     2 |     4 ||     6
  Eat: Chunk             |    14 |    15 ||    29
Armor: Robe              |    45 |    27 ||    72
Dodge: Dodged            |    71 |    51 ||   122
